 Dungeon Crawl Stone Soup version 0.27.1-3-gb3d3a73c9e (webtiles) character file.

Game seed: 15487028161896031844

31 KittyFluff the Skirmisher (level 3, -3/36 HPs)
             Began as a Gargoyle Berserker on Oct 11, 2021.
             Was a Follower of Trog.
             Slain by Sigmund (6 damage)
             ... on level 2 of the Dungeon.
             The game lasted 00:10:05 (2173 turns).

KittyFluff the Skirmisher (Gargoyle Berserker)      Turns: 2173, Time: 00:10:05

Health: -3/36      AC:  5    Str: 20    XL:     3   Next: 22%
Magic:  3/3        EV: 12    Int:  7    God:    Trog [*.....]
Gold:   75         SH:  0    Dex: 10    Spells: 2/2 levels left

rFire    . . .     SeeInvis .   a - +0 mace
rCold    . . .     Faith    .   (no shield)
rNeg     + . .     Spirit   .   b - +0 animal skin
rPois    ∞         Reflect  .   (no helmet)
rElec    +         Harm     .   (no cloak)
rCorr    .         Rampage  .   (no gloves)
Will     .....                  (no boots)
Stlth    ..........             (no amulet)
HPRegen  0.12/turn              (no ring)
MPRegen  0.08/turn              (no ring)

@: berserking, very quick
A: sickness immunity, AC +3, negative energy resistance 1, electricity
resistance, torment resistance 1, petrification resistance
a: Renounce Religion, Berserk


You were on level 2 of the Dungeon.
You worshipped Trog.
Trog was aware of your devotion.
You visited 1 branch of the dungeon, and saw 2 of its levels.

You collected 75 gold pieces.

Inventory:

Hand Weapons
 a - a +0 mace (weapon)
 k - a +0 hunting sling
Missiles
 d - 65 stones (quivered)
 g - 27 sling bullets
 i - 11 arrows
 j - 14 bolts
 m - 3 javelins
Armour
 b - a +0 animal skin (worn)
 f - a +0 ring mail
Scrolls
 c - a scroll of noise {unknown}
 e - a scroll of fog {unknown}
 l - a scroll of magic mapping {unknown}
 n - a scroll of enchant armour {unknown}
Potions
 h - a potion of degeneration {unknown}


   Skills:
 * Level 4.5 Fighting
 - Level 3.0 Maces & Flails
 + Level 2.3 Armour
 - Level 1.6 Dodging


You had 2 spell levels left.
You didn't know any spells.
Your spell library was empty.

Dungeon Overview and Level Annotations

Branches:
Dungeon (2/15)

Altars:

Annotations:
D:2 Sigmund


Innate Abilities, Weirdness & Mutations

You are immune to sickness and miasma.
Your stone body is resilient. (AC +3)
You are immune to poison.
You resist negative energy. (rN+)
You are resistant to electric shocks. (rElec)
You are resistant to unholy torment.
You are immune to petrification.


Message History

You miss the adder.
The adder is almost dead.
The adder bites you but does no damage.
You barely miss the adder.
The adder is almost dead.
The adder barely misses you. The adder bites you.
You sock the adder!
You kill the adder!
Trog accepts your kill.
You have reached level 3!
Your experience leads to an increase in your attributes!
Increase (S)trength, (I)ntelligence, or (D)exterity?
Uppercase letters only, please.
You feel agile.
You start resting.
HP restored.
You see here an adder corpse.
Found a stone staircase leading down.
Found a scroll labelled HERER UBETUI.
n - a scroll labelled HERER UBETUI
Found 9 gold pieces.
You now have 75 gold pieces (gained 9).
You open the door.
There is an open door here.
Sigmund the Dreaded comes into view.
He is wielding a +0 scythe.
Sigmund shouts!
You hear an angry hiss.
A giant cockroach comes into view.
Sigmund gestures wildly while chanting.
Sigmund flickers and vanishes!
Deactivating autopickup; reactivate with Ctrl-A.
Something hits you!
You hit something but do no damage. Something hits you!
* * * LOW HITPOINT WARNING * * *
A red film seems to cover your vision as you go berserk!
You feel yourself moving faster!
You feel mighty!
You thump something! Something hits you!
* * * LOW HITPOINT WARNING * * *
You closely miss something. You barely miss something. Something hits you.
You die...

#.# #.# #.#
#.#.# #.#.#
#.#.# #.#.#
#.#.# #.#@#
#.#.###.#.###
....B....B..#
#.#.###.#####
#...# #.###
#.# ...#.#
#..#.#


You could see a giant cockroach.

Vanquished Creatures
  An adder (D:2)
  2 ball pythons (D:1)
  An endoplasm (D:1)
  2 hobgoblins (D:1)
  3 jackals (D:1)
  4 quokkas
  2 bats (D:2)
  2 frilled lizards (D:1)
  2 kobolds (D:1)
  A rat (D:1)
20 creatures vanquished.

Notes
Turn   | Place    | Note
-------+----------+-------------------------------------------
     0 | D:1      | KittyFluff the Gargoyle Berserker began the quest for the
                  | Orb.
     0 | D:1      | Reached XP level 1. HP: 14/14 MP: 1/1
   382 | D:1      | Reached XP level 2. HP: 20/20 MP: 2/2
   567 | D:1      | Reached skill level 4 in Fighting
   631 | D:1      | Found a faded altar of an unknown god.
  1826 | D:2      | Reached XP level 3. HP: 15/24 MP: 3/3
  2160 | D:2      | Noticed Sigmund
  2173 | D:2      | Slain by Sigmund

Illustrated notes

Levels and vault maps discovered:
D:1:      dpeg_arrival_leaves_temple_mockup, layout_basic,
          hellmonk_ecumenical_altar_leap_of_faith
D:2:      layout_basic, uniq_sigmund

Skill      XL: |  1  2 |
---------------+-------+-----
Fighting       | 4 |  4.5
Maces & Flails | |  3.0
Armour         | |  2.3
Dodging        | |  1.6

Action                   || total
-------------------------++-------
Melee: Mace              ||    67
Invok: Berserk           ||     1
Armor: Animal skin       ||    25
Dodge: Dodged            ||    34
